 Dungeon Crawl Stone Soup version 0.32-a0-473-gd044c6f0f0 (webtiles) character file.

Game seed: 17560014810607215244

291 Asceticacid the Cudgeller (level 6, -2/47 HPs)
             Began as a Coglin Gladiator on Feb 26, 2024.
             Succumbed to a kobold's poison
             ... on level 3 of the Dungeon.
             The game lasted 00:03:44 (1855 turns).

Asceticacid the Cudgeller (Coglin Gladiator)        Turns: 1855, Time: 00:03:44

Health: -2/47      AC:  8    Str: 17    XL:     6   Next: 32%
Magic:  6/6        EV: 11    Int:  7    God:
Gold:   105        SH:  0    Dex: 15    Spells: 5/5 levels left

rFire   . . .        a - +0 flail {Dalbir}
rCold   . . .        (no shield)
rNeg    . . .        o - +0 scale mail
rPois   .            c - +0 helmet
rElec   .            i - +0 cloak
rCorr   .            (no gloves)
SInv    .            (no boots)
Will    .....        (no amulet) Stlth
                     (ring unavailable)
HPRegen 0.27/turn    (ring unavailable)
MPRegen 0.10/turn

%: no passive effects
@: brilliant, lethally poisoned (-2 -> -16), attractive, hasted, invisible,
revved, very quick
A: off-hand wielding, slow wielding, warmup strikes, no rings
a: no special abilities


You were on level 3 of the Dungeon.
You visited 1 branch of the dungeon, and saw 3 of its levels.

You collected 105 gold pieces.

Inventory:

Hand Weapons
 a - a +0 flail (weapon) {Dalbir}
Missiles
 d - a throwing net (quivered)
 e - a javelin
Armour
 c - a +0 helmet (worn)
 i - a +0 cloak (worn)
 o - a +0 scale mail (worn)
Scrolls
 f - 2 scrolls of blinking
 h - 2 scrolls of fear {unknown}
 k - 2 scrolls of identify {unknown}
Potions
 n - a potion of invisibility


   Skills:
 + Level 3.0 Fighting
 + Level 4.7 Maces & Flails
 + Level 2.0 Throwing
 + Level 1.8 Armour
 + Level 3.6 Dodging
 - Level 0.3 Stealth


You had 5 spell levels left.
You didn't know any spells.
Your spell library contained the following spells:

 Spells                   Type           Power      Damage    Failure   Level
 Sandblast                Erth           0%         2d4       85%         1
 Passwall                 Erth           0%         N/A       99%         3
 Stone Arrow              Conj/Erth      0%         3d7       99%         3
 Brom's Barrelling Bould  Conj/Erth      0%         2d3       100%        4


Dungeon Overview and Level Annotations

Branches:
Dungeon (3/15)

Altars:


Innate Abilities, Weirdness & Mutations

You can wield a second weapon in your off-hand.
It takes a long time for you to wield or remove held weapons.
Your first few attacks do less damage.
Your grasper-arms cannot wear rings.


Message History

You closely miss the kobold.
You feel very sick.
The kobold hits you with a +2 dagger of venom.
You are lethally poisoned!
Unknown command.
You feel very sick.
It was a potion of attraction.
You feel attractive to monsters.
* * * LOW HITPOINT WARNING * * *
You feel very sick.
It was a potion of brilliance.
You feel clever all of a sudden.
* * * LOW HITPOINT WARNING * * *
You feel sick. The kobold barely misses you.
It was a potion of invisibility.
You fade into invisibility!
* * * LOW HITPOINT WARNING * * *
You feel sick.
You hit the kobold.
The kobold is severely wounded.
* * * LOW HITPOINT WARNING * * *
You feel sick.
The kobold hits you with a +2 dagger of venom.
* * * LOW HITPOINT WARNING * * *
You are more poisoned.
You hear some strange, mumbled words.
The kobold resists with significant effort.
The kobold shouts!
You hit the kobold but do no damage.
The kobold is severely wounded.
* * * LOW HITPOINT WARNING * * *
You feel very sick. The kobold barely misses you.
You closely miss the kobold.
The kobold is severely wounded.
* * * LOW HITPOINT WARNING * * *
You feel sick.
You sock the kobold!
You kill the kobold!
You die...

.# *,*
**.##.####.........# .#
*,* *.##.####......[..#
.#
*,****r##.#######.#.#***
.#
*,,,,,.##.######$###.**
.#
******###.###o..#####,*
.## ###.###o##.###.**
..# ###.###{###.#.#* #.#
###.###)####.## #.######
###.###@#######
#[.....#####.###.#######
#.##.#.##....###.#######
.............###.#######
#.###.###.#..###.#######
#...#.#...#..###.#######
###.#.#.###..###.#######
.............# #.#
###.#.#.###..# #.#


You could see an orc priest (unable to see you) and an orc (unable to see you).

Vanquished Creatures
  Sigmund (D:2)
  Terence (D:3)
  3 adders
  4 dart slugs
  7 orcs (D:3)
  A ball python (D:1)
  6 bats
  5 endoplasms
  A giant cockroach (D:3)
  3 goblins
  5 hobgoblins
  6 jackals
  3 kobolds
  4 quokkas
  3 frilled lizards (D:1)
  8 rats
61 creatures vanquished.

Notes
Turn   | Place    | Note
-------+----------+-------------------------------------------
     0 | D:1      | Asceticacid the Coglin Gladiator began the quest for the
                  | Orb.
     0 | D:1      | Reached XP level 1. HP: 16/16 MP: 1/1
     3 | D:1      | Noticed an electric eel
     4 | D:1      | Noticed an electric eel
    29 | D:1      | Reached XP level 2. HP: 22/22 MP: 2/2
    95 | D:1      | Reached skill level 3 in Maces & Flails
   143 | D:1      | Reached XP level 3. HP: 15/27 MP: 3/3
   318 | D:1      | Found a faded altar of an unknown god.
   796 | D:2      | Reached XP level 4. HP: 33/33 MP: 4/4
   963 | D:2      | Noticed Sigmund
  1150 | D:2      | Killed Sigmund
  1151 | D:2      | Reached skill level 4 in Maces & Flails
  1151 | D:2      | Reached skill level 1 in Armour
  1151 | D:2      | Reached XP level 5. HP: 14/39 MP: 5/5
  1323 | D:2      | Reached XP level 6. HP: 46/46 MP: 6/6
  1458 | D:3      | Noticed Terence
  1473 | D:3      | Killed Terence
  1854 | D:3      | HP: 1/47 [poisoned by a kobold]
  1855 | D:3      | Succumbed to a kobold's poison

Illustrated notes

Levels and vault maps discovered:
D:1:      arrival_aquarium_b, layout_rooms, ebering_ecumenical_altar_mist
D:2:      layout_basic, uniq_sigmund
D:3:      minmay_goblin_kobold_castle, layout_loops_ring,
          minmay_misc_feat_roman, uniq_terence

Skill      XL: |  1  2  3  4  5  6 |
---------------+-------------------+-----
Dodging        | 3 |  3.6
Maces & Flails | 3 4 |  4.7
Throwing       | 2 |  2.0
Armour         | 1 |  1.8
Fighting       | 3 |  3.0
Stealth        | |  0.3

Action                     |  1- 3 |  4- 6 || total
---------------------------+-------+-------++-------
  Melee: Flail             |   124 |    94 ||   218
  Throw: Throwing net      |       |     3 ||     3
    Use: Scroll            |       |     2 ||     2
         Potion            |       |     5 ||     5
   Stab: Held in net/web   |       |     3 ||     3
 Armour: Leather armour    |    88 |    26 ||   114
         Scale mail        |       |    22 ||    22
  Dodge: Dodged            |    99 |    69 ||   168

Table legend: (Time is in decaauts)
 A = Elapsed time spent in this place.
 B = Non-inter-level travel time spent in this place.
 C = Inter-level travel time spent in this place.
 D = Time resting spent in this place.
 E = Time spent auto-exploring this place.
 F = Levels seen in this place.
 G = Mean time per level.
                   A        B        C        D        E       F      G
               +--------+--------+--------+--------+--------+-----+--------+
         Total |   1898 |   1845 |     53 |    203 |   1068 |   3 |  632.7 |
       Dungeon |   1898 |   1845 |     53 |    203 |   1068 |   3 |  632.7 |
               +--------+--------+--------+--------+--------+-----+--------+

Top non-repeatable levels by time:
     D:2: 733 daAuts
     D:1: 654 daAuts
     D:3: 510 daAuts
